 Dungeon Crawl Stone Soup version 0.24-a0-157-g36218c0 (webtiles) character file.

Game seed: 9731135261399232375

8 Dfrag the Firebug (level 2, 8/19 HPs)
             Began as a Demonspawn Fire Elementalist on Mar 4, 2019.
             Quit the game on level 1 of the Dungeon.
             The game lasted 00:00:30 (178 turns).

Dfrag the Firebug (Demonspawn Fire Elementalist)     Turns: 178, Time: 00:00:31

Health: 8/19       AC:  2    Str:  8    XL:     2   Next: 0%
Magic:  0/5        EV: 12    Int: 16    God:
Gold:   5          SH:  0    Dex: 15    Spells: 4/5 levels left

rFire    . . .     SeeInvis .   (no weapon)
rCold    . . .     Gourm    .   (no shield)
rNeg     . . .     Faith    .   a - +0 robe
rPois    .         Spirit   .   (no helmet)
rElec    .         Reflect  .   (no cloak)
rCorr    .         Harm     .   (no gloves)
MR       .....                  (no boots)
Stlth    ++........             (no amulet)
HPRegen  0.06/turn              (no ring)
MPRegen  0.09/turn              (no ring)

@: no status effects
A: thin skeletal structure 1
a: no special abilities


You were on level 1 of the Dungeon.
You were not hungry.

You visited 1 branch of the dungeon, and saw 1 of its levels.

You collected 5 gold pieces.

Inventory:

Armour
 a - a +0 robe (worn)
Potions
 b - 3 potions of agility {unknown}
Comestibles
 c - a ration


   Skills:
 - Level 1.7 Dodging
 - Level 1.7 Stealth
 + Level 2.2 Spellcasting
 + Level 1.3 Conjurations
 + Level 2.9 Fire Magic


You had 4 spell levels left.
You knew the following spells:

 Your Spells              Type           Power        Failure   Level  Hunger
a - Flame Tongue          Conj/Fire      #....        9%          1    #......

Your spell library contained the following spells:

 Spells                   Type           Power        Failure   Level  Hunger
 Throw Flame              Conj/Fire      #.....       13%         2    ###....
 Conjure Flame            Conj/Fire      #.......     26%         3    ###....
 Inner Flame              Hex/Fire       #.......     32%         3    ###....
 Sticky Flame             Conj/Fire      #.......     63%         4    #####..
 Fireball                 Conj/Fire      #.........   93%         5    ######.


Dungeon Overview and Level Annotations

Branches:
Dungeon (1/15)

Altars:


Innate Abilities, Weirdness & Mutations

You have a somewhat thin skeletal structure. (Dex +2, Stealth)


Message History

Aim: a kobold, wielding a +0 short sword (heavily wounded)
The flame tongue hits the kobold but does no damage.
The kobold is heavily wounded.
Unknown command.
The kobold misses you.
Casting: Flame Tongue (safe; 9% risk of failure)
Confirm with . or Enter, or press ? or * to list all spells.
Aiming: Flame Tongue (safe; 9% risk of failure)
Press: ? - help, Shift-Dir - straight line, f/p - kobold
Aim: a kobold, wielding a +0 short sword (heavily wounded)
The flame tongue hits the kobold.
You kill the kobold!
You have reached level 2!
Your demonic ancestry asserts itself...
Your bones become slightly less dense.
A goblin comes into view. It is wielding a +0 dagger.
A goblin is nearby!
A goblin is nearby!
A goblin is nearby!
Are you sure you want to abandon this character and quit the game? (Confirm with "yes".)

#...........#.#
####.###..#.#.#
#.# #..#.#)#
#.# #..#.#.#
#.# #..#.#.#
#.###..#.#.#
......g..#.#
.......###.#
.......@...#
.####.###### #


You could see a goblin (wandering).

Vanquished Creatures
  A leopard gecko (D:1)
  3 bats (D:1)
  3 kobolds (D:1)
  A rat (D:1)
8 creatures vanquished.

Notes
Turn   | Place    | Note
-------+----------+-------------------------------------------
     0 | D:1      | Dfrag the Demonspawn Fire Elementalist began the quest for
                  | the Orb.
     0 | D:1      | Reached XP level 1. HP: 13/13 MP: 3/3
   170 | D:1      | Gained mutation: You have a somewhat thin skeletal
                  | structure. (Dex +2, Stealth) [demonic ancestry]
   170 | D:1      | Reached XP level 2. HP: 8/19 MP: 0/5
   178 | D:1      | Quit the game

Levels and vault maps discovered:
D:1:      minmay_arrival_four_loops, layout_loops_ring

Action                   || total
-------------------------++-------
Melee: Unarmed           ||    25
 Cast: Flame Tongue      ||    12
Armor: Robe              ||     9
Dodge: Dodged            ||    29

Table legend:
 A = Non-vault XP
 B = Vault XP
 C = Vault XP percentage of total XP
 D = Non-vault monster count
 E = Vault monster count
 F = Vault count percentage of total count
                 A         B        C        D         E       F
            +---------+---------+-------+---------+---------+-------
      Total |      12 |       0 |   0.0 |       8 |       0 |   0.0
            +---------+---------+-------+---------+---------+-------
        D:1 |      12 |       0 |   0.0 |       8 |       0 |   0.0
            +---------+---------+-------+---------+---------+-------
